 Dungeon Crawl Stone Soup version 0.30-a0-313-gae38170b09 (webtiles) character file.

Game seed: 10138921120886652148

627 Hubris850 the Shooter (level 7, -6/40 HPs)
             Began as a Kobold Hunter on Oct 26, 2022.
             Mangled by an orc warrior
             ... wielding a +0 broad axe
              (8 damage)
             ... on level 4 of the Dungeon.
             The game lasted 00:09:37 (2965 turns).

Hubris850 the Shooter (Kobold Hunter)               Turns: 2965, Time: 00:09:38

Health: -6/40      AC:  4    Str:  9    XL:     7   Next: 76%
Magic:  10/10      EV: 14    Int: 10    God:
Gold:   181        SH:  0    Dex: 20    Spells: 4/10 levels left

rFire   . . .      SeeInvis .    a - +0 shortbow
rCold   . . .      Faith    .    (shield currently unavailable)
rNeg    . . .      Spirit   .    c - +1 leather armour
rPois   .          Reflect  .    (no helmet)
rElec   .          Harm     .    (no cloak)
rCorr   .          Rampage  .    (no gloves)
Will    .....                    (no boots)
Stlth   ++++......               (no amulet)
HPRegen 0.26/turn                (no ring)
MPRegen 0.12/turn                (no ring)

@: no status effects
A: small, no large weapons, nightstalker 3
a: no special abilities


You were on level 4 of the Dungeon.
You visited 1 branch of the dungeon, and saw 4 of its levels.

You collected 181 gold pieces.

Inventory:

Hand Weapons
 a - a +0 shortbow (weapon)
 b - a +0 short sword
 g - a +0 short sword
Missiles
 l - 3 poisoned darts
Armour
 c - a +1 leather armour (worn)
Scrolls
 d - 2 scrolls of immolation
 f - a scroll of enchant armour
 i - a scroll of amnesia
Potions
 e - 2 potions of resistance
 h - a potion of attraction
 j - a potion of heal wounds
 k - 3 potions of curing {unknown}


   Skills:
 - Level 2.1 Fighting
 + Level 7.7 Ranged Weapons
 - Level 2.4 Dodging
 - Level 4.0 Stealth
 - Level 2.0 Spellcasting
 - Level 3.0 Conjurations
 - Level 3.0 Hexes
 + Level 2.7 Air Magic


You had 4 spell levels left.
You knew the following spells:

 Your Spells              Type           Power      Damage    Failure   Level
a - Dazzling Flash        Conj/Hex       14%        N/A       36%         3
b - Swiftness             Air            6%         N/A       38%         3

Your spell library contained the following spells:

 Spells                   Type           Power      Damage    Failure   Level
 Shock                    Conj/Air       24%        1d4       14%         1
 Beastly Appendage        Tmut           2%         N/A       41%         1
 Ignite Poison            Fire/Tmut/Pois 1%         N/A       78%         3
 Airstrike                Air            3%         2d(1-17)  80%         4
 Iskenderun's Mystic Bla  Conj/Tloc      4%         2d3       93%         4
 Manifold Assault         Tloc           1%         N/A       99%         4
 Dispersal                Tloc           0%         N/A       100%        6
 Starburst                Conj/Fire      2%         6d3       100%        6
 Disjunction              Tloc           0%         N/A       100%        8


Dungeon Overview and Level Annotations

Branches:
Dungeon (4/15)
 Temple: D:4-7

Altars:
Dithmenos
Vehumet

Shops:
D:3 =


Innate Abilities, Weirdness & Mutations

You are small and have problems with some larger weapons.
You are completely attuned to the shadows.


Message History

You shoot an arrow. The arrow hits the orc!
You kill the orc!
An orc warrior comes into view. It is wielding a +0 broad axe.
You shoot an arrow.
The arrow closely misses the orc warrior.
A ball python comes into view.
Unknown command.
You shoot an arrow.
The arrow hits the orc warrior but does no damage.
You shoot an arrow.
The arrow closely misses the orc warrior.
The arrow hits the ball python.
You kill the ball python!
The orc warrior hits you with a +0 broad axe!
You shoot an arrow.
The arrow hits the orc warrior but does no damage.
The orc warrior barely misses you.
You shoot an arrow.
The arrow hits the orc warrior but does no damage.
The orc warrior hits you with a +0 broad axe!
Fire: a) +0 shortbow
Press: ? - help, Q - select action, (/) - cycle Shift-Dir - straight line, f/p - orc warrior
Aim: an orc warrior, wielding a +0 broad axe and wearing a +0 plate armour (66% to hit)
You shoot an arrow.
The arrow barely misses the orc warrior.
The orc warrior closely misses you.
Fire: a) +0 shortbow
Press: ? - help, Q - select action, (/) - cycle Shift-Dir - straight line, f/p - orc warrior
Aim: an orc warrior, wielding a +0 broad axe and wearing a +0 plate armour (66% to hit)
You shoot an arrow.
The arrow barely misses the orc warrior.
The orc warrior hits you with a +0 broad axe!
* * * LOW HITPOINT WARNING * * *
Fire: a) +0 shortbow
Press: ? - help, Q - select action, (/) - cycle Shift-Dir - straight line, f/p - orc warrior
Aim: an orc warrior, wielding a +0 broad axe and wearing a +0 plate armour (66% to hit)
You shoot an arrow.
The arrow closely misses the orc warrior.
The orc warrior hits you with a +0 broad axe!
You die...

...............##.
###...##.##.#..##.
#........##.#..##.
#........##.......
#........####..###
##...##..........
###...#####.##.##.
#....## #.##.##.
#@#### #.##...)
#o# #.#####. #.#
#....... ####.####
######## ........#
.........
........#
#...?...#
#..).....


You could see an orc warrior.

Vanquished Creatures
  Eustachio (D:4)
  2 ogres
  A scorpion (D:4)
  An orc priest (D:4)
  A hound (D:3)
  An iguana (D:4)
  An orc wizard (D:4)
  3 gnolls (D:3)
  3 adders
  A worm (D:3)
  2 dart slugs
  9 orcs
  8 ball pythons
  3 endoplasms
  12 giant cockroaches
  5 goblins
  6 hobgoblins
  4 jackals (D:1)
  6 quokkas (D:1)
  6 bats
  2 frilled lizards
  6 kobolds
  5 rats
89 creatures vanquished.

Notes
Turn   | Place    | Note
-------+----------+-------------------------------------------
     0 | D:1      | Hubris850 the Kobold Hunter began the quest for the Orb.
     0 | D:1      | Reached XP level 1. HP: 12/12 MP: 1/1
   111 | D:1      | Reached XP level 2. HP: 17/17 MP: 2/2
   339 | D:1      | Reached XP level 3. HP: 21/21 MP: 3/3
   459 | D:1      | Reached skill level 6 in Ranged Weapons
   914 | D:2      | Got Hiemuix's Teachings on Destructive Forms
  1015 | D:2      | Reached skill level 1 in Spellcasting
  1015 | D:2      | Reached XP level 4. HP: 26/26 MP: 5/5
  1019 | D:2      | Learned a level 3 spell: Dazzling Flash
  1434 | D:2      | Found a faded altar of an unknown god.
  1611 | D:3      | Reached skill level 1 in Conjurations
  1611 | D:3      | Reached skill level 1 in Hexes
  1611 | D:3      | Reached XP level 5. HP: 10/30 MP: 5/7
  1725 | D:3      | Found Foxteawk's Jewellery Shoppe.
  1735 | D:3      | Noticed an ogre
  1755 | D:3      | Killed an ogre
  1756 | D:3      | Reached XP level 6. HP: 35/35 MP: 7/9
  2002 | D:3      | Learned a level 3 spell: Swiftness
  2109 | D:3      | Found a radiant altar of Vehumet.
  2245 | D:3      | Found a shadowy altar of Dithmenos.
  2435 | D:4      | Reached skill level 7 in Ranged Weapons
  2435 | D:4      | Reached skill level 1 in Air Magic
  2593 | D:4      | Reached XP level 7. HP: 29/40 MP: 10/10
  2654 | D:4      | Noticed Eustachio
  2664 | D:4      | Killed Eustachio
  2964 | D:4      | HP: 2/40 [orc warrior/+0 broad axe (17)]
  2965 | D:4      | Mangled by an orc warrior

Illustrated notes

Levels and vault maps discovered:
D:1:      psy_arrival_whirlpool, layout_basic, solitary_fountain,
          grunt_decor_cap, st_stairs_2
D:2:      layout_loops_cross, shapermc_ecumenical_altar_venn,
          grunt_decor_fettered
D:3:      layout_basic, mainiacjoe_overflow_alcove_2, old_standard_altar,
          serial_shops, shop
D:4:      layout_loops_cross, gammafunk_temple_overflow_pools, temple_hall,
          uniq_natasha, uniq_eustachio

Skill      XL: |  1  2  3  4  5  6  7 |
---------------+----------------------+-----
Stealth        | 2 3 4 |  4.0
Ranged Weapons | 6 7 |  7.7
Spellcasting   | 1 2 |  2.0
Conjurations   | 1 2 3 |  3.0
Hexes          | 1 2 3 |  3.0
Air Magic      | 1 2 |  2.7
Fighting       | |  2.1
Dodging        | |  2.4

Action                   |  1- 3 |  4- 6 |  7- 9 || total
-------------------------+-------+-------+-------++-------
 Fire: Shortbow          |    78 |   136 |    32 ||   246
  Use: Scroll            |     3 |     6 |       ||     9
       Potion            |       |     2 |       ||     2
Armor: Leather armour    |     8 |    34 |     3 ||    45
Dodge: Dodged            |    17 |    57 |    12 ||    86

Table legend: (Time is in decaauts)
 A = Elapsed time spent in this place.
 B = Non-inter-level travel time spent in this place.
 C = Inter-level travel time spent in this place.
 D = Time resting spent in this place.
 E = Time spent auto-exploring this place.
 F = Levels seen in this place.
 G = Mean time per level.
                   A        B        C        D        E       F      G
               +--------+--------+--------+--------+--------+-----+--------+
         Total |   3021 |   2968 |     53 |    210 |   2253 |   4 |  755.2 |
       Dungeon |   3021 |   2968 |     53 |    210 |   2253 |   4 |  755.2 |
               +--------+--------+--------+--------+--------+-----+--------+

Top non-repeatable levels by time:
     D:3: 856 daAuts
     D:1: 833 daAuts
     D:2: 678 daAuts
     D:4: 654 daAuts
